 Dungeon Crawl Stone Soup version 0.23-a0-449-g8e4cbf7 (webtiles) character file.

12523 theanonym the Fencer (level 11, -1/157 HPs)
             Began as a Minotaur Monk on Nov 21, 2018.
             Was a High Priest of Qazlal.
             Slain by a neqoxec (9 damage)
             ... summoned by an orc sorcerer
             ... on level 1 of the Orcish Mines.
             The game lasted 00:23:03 (11280 turns).

theanonym the Fencer (Minotaur Monk)               Turns: 11280, Time: 00:23:04

Health: -1/157     AC: 12    Str: 22    XL:     11   Next: 63%
Magic:  6/13       EV:  9    Int: 12    God:    Qazlal [*****.]
Gold:   623        SH:  7    Dex: 17    Spells: 9/10 levels left

rFire    . . .     SeeInvis .   a - +2 triple sword (flame)
rCold    + + .     Gourm    .   (shield currently unavailable)
rNeg     + . .     Faith    .   I - +0 plate armour
rPois    .         Spirit   .   (helmet restricted)
rElec    .         Reflect  .   p - +0 cloak of Protective Custody {rN+ Int+3 Dex+4}
rCorr    .         Harm     .   k - +0 pair of gloves
MR       .....                  (no boots)
Stlth    ..........             (no amulet)
HPRegen  0.36/turn              g - +2 ring of evasion
MPRegen  0.13/turn              v - ring of protection from cold

@: mighty, berserking, protected from cold, hasted, repel missiles, very quick
A: retaliatory headbutt, horns 2, blurry vision 1, deterioration 1
a: Upheaval, Elemental Force, Disaster Area, Renounce Religion


Innate Abilities, Weirdness & Mutations

You reflexively headbutt those who attack you in melee.
You have a pair of horns on your head.
Scrolls take you a little longer to read.
Your body sometimes deteriorates upon taking damage.


   Skills:
 + Level 12.4 Fighting
 * Level 16.4 Long Blades
 - Level 3.2 Dodging
 - Level 1.5 Stealth
 - Level 4.0 Shields
 - Level 5.0 Invocations


You had 9 spell levels left.
You knew the following spells:

 Your Spells              Type           Power        Failure   Level  Hunger
q - Apportation           Tloc           #.....       100%        1    ##.....

Your spell library contained the following spells:

 Spells                   Type           Power        Failure   Level  Hunger
 Animate Skeleton         Necr           N/A          100%        1    ##.....
 Confusing Touch          Hex            #.....       100%        1    ##.....
 Corona                   Hex            #......      100%        1    ##.....
 Freeze                   Ice            #...         100%        1    ##.....
 Summon Small Mammal      Summ           #...         100%        1    ##.....
 Ensorcelled Hibernation  Hex/Ice        #.....       100%        2    ###....
 Throw Frost              Conj/Ice       #.....       100%        2    ###....
 Confuse                  Hex            #.......     100%        3    ####...
 Dazzling Spray           Conj/Hex       #.....       100%        3    ####...
 Ozocubu's Armour         Chrm/Ice       #.......     100%        3    ####...
 Tukima's Dance           Hex            #.......     100%        3    ####...
 Summon Ice Beast         Ice/Summ       #.......     100%        4    #####..
 Throw Icicle             Conj/Ice       #.......     100%        4    #####..

Skill      XL: |  1  2  3  4  5  6  7  8  9 10 11 |
---------------+----------------------------------+-----
Long Blades    | 4 5 6 7 9 11 13 15 16 | 16.4
Fighting       | 4 5 6 8 10 11 12 | 12.4
Invocations    | 1 3 4 5 |  5.0
Shields        | 3 4 |  4.0
Dodging        | |  3.2
Stealth        | |  1.5

Action                   |  1- 3 |  4- 6 |  7- 9 | 10-12 || total
-------------------------+-------+-------+-------+-------++-------
Melee: Falchion          |    46 |   147 |    97 |       ||   290
       Headbutt          |     9 |    30 |    67 |    89 ||   195
       Great sword       |       |       |   126 |       ||   126
       Scimitar          |       |       |    78 |   366 ||   444
       Triple sword      |       |       |       |    26 ||    26
Throw: Throwing net      |       |       |       |     2 ||     2
Invok: Elemental Force   |       |       |     1 |     2 ||     3
       Upheaval          |       |       |       |     3 ||     3
       Disaster Area     |       |       |       |     1 ||     1
Evoke: Wand              |       |       |       |     2 ||     2
  Use: Scroll            |       |       |    14 |    12 ||    26
       Potion            |       |       |       |     7 ||     7
 Stab: Held in net/web   |       |       |       |     1 ||     1
  Eat: Chunk             |       |     5 |    12 |     9 ||    26
       Ration            |       |       |     1 |     2 ||     3
Armor: Robe              |    10 |     5 |       |       ||    15
       Ring mail         |       |    28 |    26 |       ||    54
       Chain mail        |       |       |    59 |       ||    59
       Plate armour      |       |       |     9 |   130 ||   139
Dodge: Dodged            |    40 |   100 |   140 |    96 ||   376
       Deflected         |       |       |     1 |     5 ||     6
Block: Other             |     1 |    19 |    55 |    55 ||   130
       Buckler           |       |       |       |   115 ||   115
       Rpst.: Falchion   |     9 |    21 |    13 |       ||    43
       Great sword       |       |       |    18 |       ||    18
       Scimitar          |       |       |     6 |    19 ||    25
       Triple sword      |       |       |       |     3 ||     3

Inventory:

Hand Weapons
 a - a +2 triple sword of flaming (weapon)
   (You acquired it on level 11 of the Dungeon)
 b - a +0 great sword
   (You found it on level 5 of the Dungeon)
 r - a +0 falchion
 D - a +3 scimitar of freezing
   (You took it off a wight on level 7 of the Dungeon)
Armour
 k - a +0 pair of gloves (worn)
   (You found it on level 1 of the Dungeon)
 p - the +0 cloak of Protective Custody (worn) {rN+ Int+3 Dex+4}
   (You found it on level 5 of the Dungeon)

   It affects your intelligence (+3).
   It affects your dexterity (+4).
   It protects you from negative energy.
 A - a +2 buckler
   (You found it on level 9 of the Dungeon)
 I - a +0 plate armour (worn)
   (You took it off an orc warrior on level 8 of the Dungeon)
Jewellery
 g - a +2 ring of evasion (left hand)
   (You found it on level 3 of the Dungeon)
 i - an uncursed ring of poison resistance
   (You found it on level 2 of the Dungeon)
 j - an uncursed ring of resist corrosion
   (You found it on level 1 of the Dungeon)
 v - a ring of protection from cold (right hand)
   (You found it on level 11 of the Dungeon)
 E - an uncursed ring of positive energy
   (You took it off a wight on level 7 of the Dungeon)
Wands
 F - a wand of paralysis (9)
   (You found it on level 11 of the Dungeon)
 O - a wand of flame (21)
   (You took it off a gnoll on level 10 of the Dungeon)
Scrolls
 f - 4 scrolls of fog
 n - 10 scrolls of remove curse
 o - a scroll of immolation
 t - 5 scrolls of teleportation {!r}
 y - 2 scrolls of magic mapping
 B - 3 scrolls of blinking
 Q - a scroll of holy word {unknown}
Potions
 c - a potion of brilliance
 d - a potion of flight
 h - 2 potions of haste
 l - a potion of cancellation
 m - 2 potions of might
 u - 4 potions of ambrosia
 w - 4 potions of curing
 x - 4 potions of lignification
 C - a potion of mutation
 H - a potion of degeneration {unknown}
 K - 3 potions of resistance
 L - a potion of agility {unknown}
 M - a potion of invisibility {unknown}
Comestibles
 e - 19 rations


You were on level 1 of the Orcish Mines.
You worshipped Qazlal.
Qazlal was extremely pleased with you.
You were not hungry.

You visited 2 branches of the dungeon, and saw 13 of its levels.
You also visited: Ossuary.

You collected 623 gold pieces.

Dungeon Overview and Level Annotations

Branches:
Dungeon (12/15)            Temple (0/1) D:7            Lair (0/6) D:10
    Orc (1/2) D:11

Altars:
Ashenzari
Cheibriados
Dithmenos
Elyvilon
Gozag
Kikubaaqudgha
Nemelex Xobeh
Okawaru
Qazlal
Sif Muna
Yredelemnul
Zin
The Shining One

Shops:
D:10

**
#..#...#o..
##......#oo.
.........o.
#.....)....
##....oo#...
#..........#
#.)ooo......
#)@§)......
#<3§....#..
#.§.§...#...
#........$..
#..........#
##..........
##........#
.......$.#
#.......#


You could see an orc knight, a neqoxec, an orc sorcerer, 5 orc warriors, an orc
priest and an orc.

Notes
Turn   | Place    | Note
-------+----------+-------------------------------------------
     0 | D:1      | theanonym the Minotaur Monk began the quest for the Orb.
     0 | D:1      | Reached XP level 1. HP: 19/19 MP: 0/0
   128 | D:1      | Reached skill level 4 in Long Blades
   177 | D:1      | Reached XP level 2. HP: 27/27 MP: 1/1
   221 | D:1      | Reached skill level 4 in Fighting
   677 | D:2      | Found a stormy altar of Qazlal.
   680 | D:2      | Noticed a fire elemental
   681 | D:2      | Noticed an earth elemental
   681 | D:2      | Noticed an air elemental
   681 | D:2      | Noticed a water elemental
   696 | D:2      | Became a worshipper of Qazlal Stormbringer
   696 | D:2      | Reached * piety under Qazlal
   696 | D:2      | Reached ** piety under Qazlal
   696 | D:2      | Reached XP level 3. HP: 33/33 MP: 2/2
   761 | D:2      | Reached skill level 5 in Long Blades
   761 | D:2      | Reached XP level 4. HP: 32/41 MP: 3/3
   785 | D:2      | theanonym: !stats mimo
  1591 | D:3      | beem: Starting stats for MiMo: Str 15 Int 7 Dex 12. Stat
                  | gain: sd/4
  1749 | D:3      | Found a shadowy altar of Dithmenos.
  1752 | D:3      | Reached skill level 6 in Long Blades
  1851 | D:3      | Reached XP level 5. HP: 47/47 MP: 4/4
  1857 | D:3      | Noticed an angel
  1858 | D:3      | Found a glowing silver altar of Zin.
  2182 | D:4      | Reached skill level 5 in Fighting
  2197 | D:4      | HP: 24/48 [orc/+0 trident (3)]
  2451 | D:4      | Reached *** piety under Qazlal
  2466 | D:4      | Reached skill level 7 in Long Blades
  2466 | D:4      | Reached XP level 6. HP: 40/56 MP: 5/5
  2484 | D:4      | Reached skill level 1 in Invocations
  2579 | D:4      | Reached skill level 6 in Fighting
  2579 | D:4      | Reached XP level 7. HP: 58/63 MP: 5/7
  2618 | D:4      | Reached skill level 8 in Long Blades
  2618 | D:4      | Reached skill level 2 in Invocations
  2951 | D:5      | Entered Level 5 of the Dungeon
  2952 | D:5      | Noticed a hungry ghost
  2962 | D:5      | Killed a hungry ghost
  3247 | D:5      | Reached skill level 3 in Invocations
  3273 | D:5      | Reached skill level 9 in Long Blades
  3299 | D:5      | HP: 27/64 [centaur/arrow (8)]
  3309 | D:5      | HP: 27/64 [centaur/arrow (2)]
  3313 | D:5      | Reached XP level 8. HP: 24/71 MP: 9/9
  3450 | D:5      | Reached **** piety under Qazlal
  3450 | D:5      | Reached skill level 7 in Fighting
  3662 | D:5      | Found a white marble altar of Elyvilon.
  3693 | D:5      | Got a faintly humming cloak
  3979 | D:5      | Identified the +0 cloak of Protective Custody {rN+ Int+3
                  | Dex+4} (You found it on level 5 of the Dungeon)
  4125 | D:6      | Found a snail-covered altar of Cheibriados.
  4256 | D:6      | Reached skill level 10 in Long Blades
  4256 | D:6      | Reached skill level 4 in Invocations
  4460 | D:6      | Found a basalt altar of Yredelemnul.
  4768 | D:6      | Found an iron altar of Okawaru.
  4769 | D:6      | Reached skill level 8 in Fighting
  4895 | D:6      | Reached skill level 11 in Long Blades
  5119 | D:7      | Found a sand-covered staircase.
  5125 | Ossuary  | Entered an ossuary
  5164 | Ossuary  | Reached XP level 9. HP: 81/82 MP: 11/11
  5440 | D:7      | Reached skill level 9 in Fighting
  5442 | D:7      | Reached ***** piety under Qazlal
  5451 | D:7      | Reached skill level 12 in Long Blades
  5492 | D:7      | Found a staircase to the Ecumenical Temple.
  5645 | D:7      | Learned a level 1 spell: Apportation
  5712 | D:7      | Found a glowing golden altar of the Shining One.
  5741 | D:7      | Found a deep blue altar of Sif Muna.
  5902 | D:7      | Found a shattered altar of Ashenzari.
  6490 | D:8      | HP: 31/85 [large slime creature (21)]
  6735 | D:8      | Reached skill level 5 in Invocations
  6752 | D:8      | Reached skill level 13 in Long Blades
  6753 | D:8      | Reached skill level 10 in Fighting
  6753 | D:8      | Reached XP level 10. HP: 85/93 MP: 12/12
  6848 | D:8      | HP: 35/93 [large slime creature (24)]
  6957 | D:8      | HP: 44/93 [slime creature (9)]
  7418 | D:8      | Found a snail-covered altar of Cheibriados.
  7648 | D:8      | HP: 47/94 [acid (9)]
  8153 | D:9      | Found an ancient bone altar of Kikubaaqudgha.
  8205 | D:9      | Reached skill level 14 in Long Blades
  8510 | D:9      | Found an opulent altar of Gozag.
  8595 | D:9      | Reached skill level 11 in Fighting
  8654 | D:9      | Reached skill level 1 in Shields
  8835 | D:10     | Entered Level 10 of the Dungeon
  8846 | D:10     | Reached skill level 2 in Shields
  8910 | D:10     | Found Ewkebyfe's General Store.
  9055 | D:10     | Reached skill level 15 in Long Blades
  9066 | D:10     | Reached skill level 3 in Shields
  9092 | D:10     | Reached XP level 11. HP: 79/102 MP: 13/13
  9152 | D:10     | Found Jeiniut's General Store.
  9463 | D:10     | Found a staircase to the Lair.
  9587 | D:11     | HP: 44/102 [orc priest/divine providence (15)]
  9614 | D:11     | HP: 20/102 [asphyx]
  9622 | D:11     | HP: 27/102 [yak (4)]
  9628 | D:11     | HP: 33/103 [yak (5)]
  9641 | D:11     | Reached skill level 4 in Shields
  9655 | D:11     | HP: 36/103 [yak (1)]
  9870 | D:11     | HP: 51/104 [hippogriff (5)]
  9876 | D:11     | HP: 48/104 [bullfrog (1)]
  9888 | D:11     | HP: 44/104 [ogre zombie (7)]
  9928 | D:11     | Noticed Psyche
  9935 | D:11     | HP: 39/104 [something (17)]
  9936 | D:11     | Killed Psyche
 10121 | D:11     | Found a staircase to the Orcish Mines.
 10133 | D:11     | Found a sparkling altar of Nemelex Xobeh.
 10183 | D:11     | Noticed a cyan ugly thing
 10193 | D:11     | Killed a cyan ugly thing
 10193 | D:11     | Reached skill level 12 in Fighting
 10481 | D:11     | Identified a scroll of acquirement
 10508 | D:11     | Reached ****** piety under Qazlal
 11066 | Orc:1    | Entered Level 1 of the Orcish Mines
 11066 | Orc:1    | Noticed an orc high priest
 11071 | Orc:1    | Noticed a sixfirhy
 11071 | Orc:1    | Noticed an orc sorcerer
 11072 | Orc:1    | Noticed Fannar
 11074 | Orc:1    | Killed an orc high priest
 11074 | Orc:1    | Reached skill level 16 in Long Blades
 11265 | Orc:1    | Paralysed by an orc sorcerer for 5 turns
 11268 | Orc:1    | HP: 37/104 [cyclops/large rock (25)]
 11269 | Orc:1    | Gained mutation: Scrolls take you a little longer to read.
                  | [a neqoxec]
 11270 | Orc:1    | HP: 11/104 [orc warrior/+0 trident (18)]
 11271 | Orc:1    | Noticed an orc knight
 11276 | Orc:1    | HP: 28/156 [orc sorcerer/+0 dagger (4)]
 11277 | Orc:1    | HP: 13/156 [ice beast[Fannar] (2)]
 11277 | Orc:1    | Gained mutation: Your body sometimes deteriorates upon
                  | taking damage. [a neqoxec]
 11280 | Orc:1    | Killed Fannar
 11280 | Orc:1    | Slain by a neqoxec

Vanquished Creatures
  Fannar (Orc:1)
  An orc high priest (Orc:1)
  An ugly thing (D:11)
  A cyclops (Orc:1)
  Psyche (D:11)
  A troll (D:9)
  6 slime creatures (D:8)
  A hippogriff (D:11)
  2 yaks (D:11)
  2 wraiths (Ossuary)
  2 wyverns
  A hungry ghost (D:5)
  A soldier ant (D:11)
  A two-headed ogre zombie (D:11)
  A hornet zombie (D:9)
  A sky beast (D:6)
  10 orc warriors
  5 ice beasts
  4 phantoms
  3 black bears
  An eye of draining (D:10)
  3 ogres
  2 necrophages
  4 centaurs
  A crocodile (D:10)
  2 big kobolds
  8 bullfrogs
  2 gnoll sergeants
  2 troll zombies (D:11)
  3 scorpions
  7 wights
  11 killer bees (D:9)
  An oklob sapling (D:7)
  6 jellies
  3 crimson imps
  A bullfrog zombie (D:4)
  A centaur zombie (D:9)
  10 orc wizards
  6 orc priests
  7 hounds
  2 centaur skeletons
  3 iguanas
  4 bullfrog skeletons
  8 worker ants
  A killer bee zombie (D:9)
  5 ogre zombies (D:11)
  2 hound zombies
  3 worker ant zombies
  13 adders
  13 gnolls
  3 shadow imps
  5 oozes (D:8)
  4 adder skeletons
  2 worms (D:2)
  2 dart slugs
  7 leopard geckos
  45 orcs
  3 ball pythons
  5 giant cockroaches
  A goblin (D:2)
  3 hobgoblins
  11 jackals
  2 quokkas
  A ball python skeleton (Ossuary)
  8 bats
  7 frilled lizards
  A goblin skeleton (D:11)
  5 goblin zombies (D:11)
  A hobgoblin skeleton (D:11)
  6 hobgoblin zombies
  20 kobolds
  A kobold zombie (Ossuary)
  A leopard gecko skeleton (D:5)
  5 orc skeletons
  13 orc zombies
  2 quokka skeletons
  A quokka zombie (D:9)
  10 rats
  A plant (D:7)
357 creatures vanquished.

Vanquished Creatures (collateral kills)
  A centaur skeleton (D:11)
  A yak (D:11)
  A hungry ghost (D:11)
  A centaur (D:7)
  An orc priest (D:11)
  A gnoll (D:7)
  An orc (D:7)
  A hobgoblin zombie (D:11)
8 creatures vanquished.

Vanquished Creatures (others)
  A necrophage (D:11)
  A hound skeleton (D:7)
  2 jackals (D:7)
  A fungus (D:10)
  A withered plant (D:6)
6 creatures vanquished.

Grand Total: 371 creatures vanquished

Table legend:
 A = Turns spent in this place as a percentage of turns spent in the entire game.
 B = Non-inter-level travel turns spent in this place as a percentage of non-inter-level travel turns spent in the entire game.
 C = Inter-level travel turns spent in this place as a percentage of turns spent in this place.
 D = Turns resting spent in this place as a percentage of non-inter-level travel turns spent in this place.
 E = Turns spent auto-exploring this place as a percentage of non-inter-level travel turns spent in this place.
 F = Non-inter-level travel turns spent in this place divided by the number of levels of this place that you've seen.
                   A       B       C       D       E      F
               +-------+-------+-------+-------+-------+----------------------
         Total | 100.0 | 100.0 |   7.4 |  21.1 |  58.8 | 746.0
       Dungeon |  96.9 |  96.7 |   7.6 |  21.1 |  59.6 | 841.6
  Orcish Mines |   0.3 |   0.3 |   0.0 |   0.0 |   0.0 |  35.0
       Ossuary |   2.7 |   3.0 |   0.0 |  24.8 |  40.6 | 310.0
               +-------+-------+-------+-------+-------+----------------------
